 Dungeon Crawl Stone Soup version 0.25-a0-73-g9796ba8d15 (webtiles) character file.

Game seed: 6888256798374933995, levelgen mode: deterministic

34 Amnesiac the Digger (level 3, 0/24 HPs)
             Began as a Vine Stalker Earth Elementalist on Nov 5, 2019.
             Slain by an adder (2 damage)
             ... on level 2 of the Dungeon.
             The game lasted 00:01:43 (564 turns).

Amnesiac the Digger (VSEE)                           Turns: 564, Time: 00:01:43

Health: 0/24       AC: 21    Str: 10    XL:     3   Next: 31%
Magic:  0/7        EV:  2    Int: 20    God:
Gold:   27         SH:  0    Dex: 15    Spells: 4/7 levels left

rFire    . . .     SeeInvis .   e - +0 short sword
rCold    . . .     Gourm    .   (no shield)
rNeg     + + +     Faith    .   (armour currently unavailable)
rPois    +         Spirit   +   (helmet currently unavailable)
rElec    .         Reflect  .   (cloak currently unavailable)
rCorr    .         Harm     .   (gloves currently unavailable)
MR       .....     NoTele   +   (boots currently unavailable)
Stlth    ++........             (no amulet)
HPRegen  0.08/turn              (no ring)
MPRegen  0.10/turn              (no ring)

@: brilliant, lethally poisoned (0 -> -4), tree-form
A: magic shield, no potion heal 3, rot immunity
a: no special abilities


You were on level 2 of the Dungeon.
You were not hungry.
You were a tree.
You visited 1 branch of the dungeon, and saw 3 of its levels.

You collected 27 gold pieces.

Inventory:

Hand Weapons
 e - a +0 short sword (weapon)
Missiles
 b - 22 stones (quivered)
Armour
 c - a +0 robe (melded)
Scrolls
 a - a scroll of blinking {!r, unknown}
Comestibles
 d - a ration
 g - 5 chunks of flesh


   Skills:
 - Level 1.5 Dodging
 - Level 2.4 Stealth
 + Level 2.6 Spellcasting
 - Level 1.0 Transmutations
 * Level 4.0 Earth Magic


You had 4 spell levels left.
You knew the following spells:

 Your Spells              Type           Power        Failure   Level  Hunger
a - Sandblast             Erth           ####..       1%          1    None
b - Passwall              Tmut/Erth      ###.....     1%          2    ##.....

Your spell library contained the following spells:

 Spells                   Type           Power        Failure   Level  Hunger
 Stone Arrow              Conj/Erth      ###...       2%          3    ###....
 Petrify                  Tmut/Erth      ###.....     6%          4    ####...
 Lee's Rapid Deconstruct  Erth           ####......   9%          5    ######.


Dungeon Overview and Level Annotations

Branches:
Dungeon (3/15)

Altars:


Innate Abilities, Weirdness & Mutations

((You have extremely sharp teeth.))
When hurt, damage is shared between your health and your magic reserves.
((Your bite disrupts and absorbs the magic of your enemies.))
Potions cannot restore your health.
You are immune to rotting.


Message History

Aiming: Sandblast (safe; 4% risk of failure)
Press: ? - help, Shift-Dir - straight line, f - worm
Aim: a worm The blast of sand hits the worm!
The worm is heavily wounded.
b - 25 stones Unknown command.
Casting: Sandblast (safe; 4% risk of failure)
Confirm with . or Enter, or press ? or * to list all spells.
Aiming: Sandblast (safe; 4% risk of failure)
Press: ? - help, Shift-Dir - straight line, f/p - worm
Aim: a worm (moderately wounded)
The blast of sand misses the adder.
The blast of sand hits the worm.
The worm is heavily wounded.
b - 24 stones The adder barely misses you.
Casting: Sandblast (safe; 4% risk of failure)
Confirm with . or Enter, or press ? or * to list all spells.
Aiming: Sandblast (safe; 4% risk of failure)
Press: ? - help, Shift-Dir - straight line, f/p - worm
Aim: a worm (heavily wounded)
The blast of sand hits the adder.
The adder is lightly wounded.
b - 23 stones The adder misses you.
The adder bites you.
You are poisoned.
The adder poisons you!
You feel sick. The adder bites you.
* * * LOW HITPOINT WARNING * * *
You are lethally poisoned!
The adder poisons you!
* * * LOW HITPOINT WARNING * * *
You feel sick.
There is an open door here.
Casting: Sandblast (safe; 4% risk of failure)
Confirm with . or Enter, or press ? or * to list all spells.
Aiming: Sandblast (safe; 4% risk of failure)
Press: ? - help, Shift-Dir - straight line, f/p - worm
Aim: a worm (moderately wounded)
The blast of sand misses the adder.
The blast of sand hits the worm!
The worm is severely wounded.
b - 22 stones The adder bites you.
* * * LOW HITPOINT WARNING * * *
Really quaff
f - a yellow potion {!q}?
It was a potion of lignification {!q}.
You turn into a tree.
Your roots penetrate the ground.
* * * LOW HITPOINT WARNING * * *
You feel sick.
The adder bites you but does no damage. x2
Really quaff
h - a sedimented orange potion {!q}?
It was a potion of brilliance {!q}.
You feel clever all of a sudden. The adder bites you but does no damage.
You hit the adder.
The adder is heavily wounded.
* * * LOW HITPOINT WARNING * * *
You feel sick. The adder bites you but does no damage.
Okay, then.
You barely miss the adder.
The adder is heavily wounded.
The adder bites you.
You die...

#........?....#
#......♣......#
#.....?.......#
#.............# #######
#.............# .......
#.............# #######
#.............# ........
#.....wS......#
#####....#######♣#######
# #..........# #
##.#.##..##.###
###...........÷#
......#.##..#..# ..#.###
#..#..###### ....#
#..#.......# ..#.#
.##..#÷#####.#.# .##.#
#.......>........


You could see a worm and an adder.

Vanquished Creatures
  2 adders (D:2)
  A dart slug (D:1)
  A bat (D:2)
  3 hobgoblins
  A jackal (D:2)
  2 kobolds
  A quokka (D:3)
  A frilled lizard (D:2)
  3 rats (D:2)
15 creatures vanquished.

Notes
Turn   | Place    | Note
-------+----------+-------------------------------------------
     0 | D:1      | Amnesiac the Vine Stalker Earth Elementalist began the
                  | quest for the Orb.
     0 | D:1      | Reached XP level 1. HP: 9/9 MP: 4/4
   142 | D:1      | Reached XP level 2. HP: 10/13 MP: 4/6
   146 | D:1      | Learned a level 2 spell: Passwall
   535 | D:2      | Reached XP level 3. HP: 12/16 MP: 7/7
   546 | D:2      | Reached skill level 4 in Earth Magic
   564 | D:2      | Slain by an adder

Levels and vault maps discovered:
D:1:      shiori_arrival_oz, layout_loops_ring, minmay_pentomino_q4
D:2:      layout_loops_ring, gammafunk_temple_overflow_statue,
          makhleb_blood_cavern_becter, grunt_ministairs_7,
          kennysheep_generic_room_16
D:3:      layout_basic, vehumet_crystals, first_ration, uniq_robin

Skill      XL: |  1  2  3 |
---------------+----------+-----
Earth Magic    | 4 |  4.0
Dodging        | |  1.5
Stealth        | |  2.4
Spellcasting   | |  2.6
Transmutations | |  1.0

Action                   || total
-------------------------++-------
Melee: Short sword       ||    31
       Bite              ||    14
       Unarmed           ||     5
 Cast: Sandblast         ||     9
  Use: Potion            ||     2
 Stab: Sleeping          ||     5
Armor: Robe              ||     5
       Skin              ||     4
Dodge: Dodged            ||    24

Table legend:
 A = Non-vault XP
 B = Vault XP
 C = Vault XP percentage of total XP
 D = Non-vault monster count
 E = Vault monster count
 F = Vault count percentage of total count
                 A         B        C        D         E       F
            +---------+---------+-------+---------+---------+-------
      Total |      46 |       3 |   6.1 |      12 |       3 |  20.0
            +---------+---------+-------+---------+---------+-------
        D:1 |      10 |       0 |   0.0 |       4 |       0 |   0.0
        D:2 |      34 |       3 |   8.1 |       7 |       3 |  30.0
        D:3 |       2 |       0 |   0.0 |       1 |       0 |   0.0
            +---------+---------+-------+---------+---------+-------
